 Dungeon Crawl Stone Soup version 0.23.2-40-g277498a001 (webtiles) character file.

Game seed: 828807765117983626

575 FishyPogo the Digger (level 7, -8/45 HPs)
             Began as a Pale Draconian Earth Elementalist on Aug 31, 2019.
             Was a Follower of Hepliaklqana.
             Mangled by a black mamba (11 damage)
             ... summoned by a worldbinder
             ... on level 2 of the Abyss on Sept 1, 2019.
             The game lasted 00:24:03 (2911 turns).

FishyPogo the Digger (DrEE)                         Turns: 2911, Time: 00:24:04

Health: -8/45      AC:  7    Str: 11    XL:     7   Next: 12%
Magic:  10/10      EV: 13    Int: 17    God:    Hepliaklqana [*.....]
Gold:   118        SH:  0    Dex: 11    Spells: 6/12 levels left

rFire    . . .     SeeInvis .   (no weapon)
rCold    . . .     Gourm    .   (no shield)
rNeg     . . .     Faith    .   (armour unavailable)
rPois    .         Spirit   .   (helmet restricted)
rElec    .         Reflect  .   j - +0 cloak
rCorr    .         Harm     .   (no gloves)
MR       .....                  (no boots)
Stlth    +++.......             (no amulet)
HPRegen  0.15/turn              (no ring)
MPRegen  0.12/turn              (no ring)

@: lethally poisoned (-8 -> -39)
A: breathe steam, unfitting armour, reduced essence, low mp 1, cold-blooded, AC
+6
a: Breathe Steam, Recall Ancestor, Ancestor Identity, Renounce Religion


You were on level 2 of the Abyss.
You worshipped Hepliaklqana.
Hepliaklqana was aware of your devotion.
You were hungry.

You visited 1 branch of the dungeon, and saw 3 of its levels.
You visited the Abyss 1 time.

You collected 118 gold pieces.

Inventory:

Hand Weapons
 a - a +2 dagger of flaming
Missiles
 b - 67 stones (quivered)
Armour
 j - a +0 cloak (worn)
Jewellery
 q - an uncursed amulet of faith {unknown}
Scrolls
 e - 3 scrolls of enchant weapon {unknown}
 f - 5 scrolls of teleportation {unknown}
 g - 2 scrolls of identify {unknown}
 h - 3 scrolls of fear {unknown}
 i - a scroll of remove curse {unknown}
 s - a scroll of fog {unknown}
Potions
 d - a potion of degeneration {unknown}
 k - a potion of berserk rage {unknown}
 l - 3 potions of flight {unknown}
 n - 5 potions of curing
 o - a potion of might {unknown}
 p - a potion of lignification {unknown}
 r - a potion of haste {unknown}
 t - a potion of mutation {unknown}
Comestibles
 c - 8 rations


   Skills:
 + Level 3.2 Dodging
 - Level 4.4 Stealth
 + Level 3.4 Spellcasting
 - Level 1.0 Transmutations
 * Level 5.4 Earth Magic


You had 6 spell levels left.
You knew the following spells:

 Your Spells              Type           Power        Failure   Level  Hunger
a - Stone Arrow           Conj/Erth      ##....       16%         3    ###....
c - Sandblast             Erth           ###...       1%          1    None
d - Passwall              Tmut/Erth      ##......     7%          2    ##.....

Your spell library contained the following spells:

 Spells                   Type           Power        Failure   Level  Hunger
 Magic Dart               Conj           #...         17%         1    None
 Blink                    Tloc           N/A          26%         2    ##.....
 Call Imp                 Summ           #.......     26%         2    ##.....
 Slow                     Hex            #.......     26%         2    ##.....
 Petrify                  Tmut/Erth      ##......     41%         4    ####...
 Lee's Rapid Deconstruct  Erth           ###.......   43%         5    ######.
 Conjure Flame            Conj/Fire      #.......     45%         3    ###....
 Mephitic Cloud           Conj/Pois/Air  #.......     45%         3    ###....


Dungeon Overview and Level Annotations

Branches:
Dungeon (3/15)

Altars:
Hepliaklqana
Okawaru
Wu Jian
Zin


Innate Abilities, Weirdness & Mutations

You can breathe blasts of scalding, opaque steam.
Your pale cyan-grey scales are hard. (AC +6)
You cannot fit into any form of body armour.
You are cold-blooded and may be slowed by cold attacks.
Your life essence is reduced to manifest your ancestor. (-10% HP)
Your magical capacity is low. (-10% MP)


Message History

The black mamba bites you!
You are poisoned.
The black mamba poisons you!
The thrashing horror moves out of view.
You feel sick. The black mamba barely misses you.
The worldbinder barely misses you. The worldbinder closely misses you.
You feel sick. The black mamba closely misses you. The black mamba bites you.
You are lethally poisoned!
The black mamba poisons you!
A large abomination comes into view.
You feel very sick. The black mamba closely misses you.
Found a scroll labeled ETZELLA ECIDOG.
You feel very sick. The black mamba bites you!
* * * LOW HITPOINT WARNING * * *
* * * LOW HITPOINT WARNING * * *
You feel very sick.
The worldbinder calls forth creatures from the Snake Pit!
The black mamba bites you!
You die...

.###. #.##..#.# ##.#
.## . #.#.#....#
#.?. .
.#..#...#N..>N##
...#X# .####.#.
##S.## #.#...# ..#
..#...#.#Nx##...#...
..###......
##.#......#
......##. .#
##5......#
...#.##..# .
###S.#.#.. . ##
#.#...##..@## .#
###.. ..##......# #
.....## ##.##..# #
.# ...#. .## #.. ..
#. .# .# # .. .# ##
. #. ...##.## ## .
## #.##### .. #....
..##


You could see a mana viper, a worldbinder, a black mamba, 2 nagas and an
ufetubus.

Vanquished Creatures
  Grinder (D:3)
  2 ogres (D:2)
  An adder (D:2)
  A gnoll (D:2)
  An ooze (D:2)
  A worm (D:2)
  A dart slug (D:1)
  2 leopard geckos (D:2)
  3 orcs (D:3)
  A giant cockroach (D:2)
  5 goblins
  9 hobgoblins
  5 jackals
  8 kobolds
  2 quokkas (D:2)
  2 ball pythons (D:1)
  4 bats
  5 frilled lizards
  6 rats
60 creatures vanquished.

Vanquished Creatures (collateral kills)
  A water moccasin zombie (D:2)
  A howler monkey skeleton (D:2)
  3 adders (D:2)
  2 leopard geckos (D:2)
  2 orcs (D:3)
  A giant cockroach (D:2)
  A jackal (D:2)
  2 quokkas (D:2)
  2 bats
  4 kobolds
  3 rats
22 creatures vanquished.

Vanquished Creatures (others)
  4 ancestors
  20 starspawn tentacles (Abyss:2)
24 creatures vanquished.

Grand Total: 106 creatures vanquished

Notes
Turn   | Place    | Note
-------+----------+-------------------------------------------
     0 | D:1      | FishyPogo the Draconian Earth Elementalist began the quest
                  | for the Orb.
     0 | D:1      | Reached XP level 1. HP: 14/14 MP: 3/3
   468 | D:1      | Reached XP level 2. HP: 20/20 MP: 5/5
   506 | D:1      | Learned a level 2 spell: Passwall
  1078 | D:2      | Reached XP level 3. HP: 25/26 MP: 6/6
  1083 | D:2      | Learned a level 3 spell: Stone Arrow
  1087 | D:2      | Found a hazy altar of Hepliaklqana.
  1087 | D:2      | Found an iron altar of Okawaru.
  1088 | D:2      | Found a glowing silver altar of Zin.
  1096 | D:2      | Became a worshipper of Hepliaklqana the Forgotten
  1322 | D:2      | Reached XP level 4. HP: 20/29 MP: 7/7
  1345 | D:2      | Noticed an ogre
  1440 | D:2      | Killed an ogre
  1440 | D:2      | Reached skill level 4 in Earth Magic
  1440 | D:2      | Reached XP level 5. HP: 34/34 MP: 4/9
  1941 | D:2      | Found an ornate altar of the Wu Jian Council.
  2140 | D:2      | Noticed an ogre
  2145 | D:2      | Killed an ogre
  2145 | D:2      | Reached XP level 6. HP: 40/40 MP: 5/10
  2311 | D:3      | Reached skill level 5 in Earth Magic
  2383 | D:3      | Noticed Grinder
  2566 | D:3      | HP: 2/40 [Grinder (6)]
  2569 | D:3      | Killed Grinder
  2569 | D:3      | Your scales start taking on a pale cyan-grey colour.
  2569 | D:3      | Reached XP level 7. HP: 34/45 MP: 1/12
  2648 | D:3      | Cast into level 2 of the Abyss (a distortion unwield)
  2664 | Abyss:2  | Noticed a sixfirhy
  2702 | Abyss:2  | Noticed a tentacled starspawn
  2765 | Abyss:2  | Noticed a starcursed mass
  2767 | Abyss:2  | Reached * piety under Hepliaklqana
  2783 | Abyss:2  | Noticed a smoke demon
  2786 | Abyss:2  | Noticed a tentacled starspawn
  2794 | Abyss:2  | Noticed a black draconian shifter
  2812 | Abyss:2  | Noticed a large abomination
  2813 | Abyss:2  | Noticed a neqoxec
  2823 | Abyss:2  | Noticed a rakshasa
  2827 | Abyss:2  | Gained mutation: Your magical capacity is low. (-10% MP) [a
                  | neqoxec]
  2835 | Abyss:2  | Noticed a wretched star
  2843 | Abyss:2  | Noticed an orange demon
  2853 | Abyss:2  | Noticed an apocalypse crab
  2890 | Abyss:2  | Noticed a thrashing horror
  2894 | Abyss:2  | Noticed a worldbinder
  2899 | Abyss:2  | Noticed a mana viper
  2906 | Abyss:2  | Noticed a black mamba
  2906 | Abyss:2  | Noticed a thrashing horror
  2909 | Abyss:2  | Noticed a large abomination
  2911 | Abyss:2  | Mangled by a black mamba

Skill      XL: |  1  2  3  4  5  6 |
---------------+-------------------+-----
Stealth        | 2 3 4 |  4.4
Dodging        | 2 3 |  3.2
Earth Magic    | 4 5 |  5.4
Spellcasting   | 3 |  3.4
Transmutations | |  1.0

Action                   |  1- 3 |  4- 6 |  7- 9 || total
-------------------------+-------+-------+-------++-------
Melee: Mace              |    48 |       |       ||    48
       Tailslap          |     4 |     9 |       ||    13
       Dagger            |    16 |    85 |       ||   101
Throw: Stone             |     1 |     1 |       ||     2
 Cast: Sandblast         |     8 |    10 |       ||    18
       Stone Arrow       |     3 |     6 |       ||     9
  Use: Potion            |       |     3 |       ||     3
 Stab: Sleeping          |     5 |     4 |       ||     9
       Distracted        |       |     1 |       ||     1
  Eat: Chunk             |     2 |     4 |     1 ||     7
Armor: Skin              |    18 |    26 |     2 ||    46
Dodge: Dodged            |    55 |    54 |    14 ||   123
